Map: Orbital Shipyard

Players

HuK

  • Race: Protoss Protoss

Nerchio - Winner!

  • Race: Zerg Zerg

Event: 2016 WCS Winter Circuit Championship

VOD

Have the link to the VOD?

Description

Time

  • Played on: March 4, 2016, 12:21 p.m.
  • Length: 16:49

All games in this series

Show
View Real Time Build Order
Export as new Build Order

HuK Protoss 

Build Orders: 1 Gate Expand, Phoenix Opening 

Get SALT Encoding   

  12  0:00  Probe (Chrono Boost)  
  13  0:11  Probe (Chrono Boost)  
  14  0:17  Pylon  
  14  0:22  Probe (Chrono Boost)  
  15  0:35  Probe (Chrono Boost)  
  16  0:36  Gateway  
  16  0:43  Assimilator  
  16  0:46  Probe (Chrono Boost)  
  17  0:56  Probe (Chrono Boost)  
  18  1:07  Probe (Chrono Boost)  
  19  1:17  Probe (Chrono Boost)  
  20  1:23  Cybernetics Core  
  20  1:28  Probe (Chrono Boost)  
  21  1:34  Nexus  
  21  1:38  Probe (Chrono Boost)  
  22  1:44  Pylon  
  22  1:50  Assimilator  
  22  1:52  Probe (Chrono Boost)  
  23  2:02  Warp Gate, Stalker (Chrono Boost)  
  23  2:04  Probe  
  26  2:16  Probe (Chrono Boost)  
  27  2:28  Probe (Chrono Boost)  
  28  2:38  Stargate  
  28  2:39  Probe (Chrono Boost)  
  28  2:42  Gateway  
  28  2:43  Gateway  
  29  2:49  Probe (Chrono Boost)  
  30  2:55  Adept  
  30  2:57  Probe (Chrono Boost)  
  33  3:04  Probe (Chrono Boost)  
  34  3:07  Probe (Chrono Boost)  
  35  3:15  Probe (Chrono Boost)  
  35  3:18  Probe (Chrono Boost)  
  36  3:21  Phoenix (Chrono Boost)  
  36  3:24  Probe  
  39  3:30  Probe  
  40  3:40  Pylon  
  40  3:42  Mothership Core  
  40  3:45  Twilight Council  
  40  3:47  Probe  
  43  3:57  Phoenix (Chrono Boost)  
  43  3:58  Probe  
  46  4:05  Probe  
  46  4:09  Nexus  
  47  4:12  Pylon, Probe  
  48  4:17  Probe  
  48  4:22  Adept x2  
  53  4:25  Probe  
  54  4:32  Assimilator  
  54  4:34  Assimilator  
  54  4:35  Probe  
  55  4:42  Gateway  
  55  4:43  Gateway  
  56  4:48  Phoenix (Chrono Boost)  
  56  4:50  Probe  
  58  5:01  Charge (Chrono Boost)  
  58  5:02  Probe  
  58  5:04  Probe  
  60  5:09  Gateway  
  60  5:12  Pylon  
  60  5:13  Phoenix  
  62  5:19  Probe  
  62  5:21  Probe  
  64  5:23  Probe  
  65  5:30  Probe  
  66  5:38  Phoenix, Probe  
  66  5:40  Probe  
  70  5:44  Zealot x5  
  80  5:52  Probe  
  80  5:55  Probe x2  
  81  6:01  Pylon  
  81  6:02  Pylon x2  
  83  6:11  Zealot  
  85  6:17  Probe x2  
  85  6:19  Probe, Zealot x2  
  85  6:20  Zealot x3  
  98  6:28  Probe (Chrono Boost)  
  98  6:29  Robotics Facility  
  99  6:37  Robotics Facility, Probe (Chrono Boost)  
  99  6:39  Assimilator  
  100  6:43  Probe x2 (Chrono Boost)  
  100  6:45  Assimilator  
  100  6:56  Zealot x4  
  108  7:01  Pylon  
  108  7:02  Pylon  
  108  7:03  Pylon  
  108  7:10  Probe (Chrono Boost)  
  109  7:18  Probe (Chrono Boost)  
  109  7:19  Pylon  
  109  7:20  Pylon, Immortal (Chrono Boost)  
  109  7:21  Probe (Chrono Boost)  
  115  7:23  Sentry  
  115  7:25  Warp Prism (Chrono Boost)  
  115  7:27  Probe  
  120  7:32  Forge  
  120  7:35  Zealot x4  
  128  7:39  Gateway  
  128  7:53  Zealot x2  
  128  7:56  Immortal (Chrono Boost)  
  128  7:57  Gateway  
  132  7:58  Gateway  
  132  7:59  Immortal (Chrono Boost)  
  140  8:06  Protoss Ground Weapons Level 1 (Chrono Boost)  
  140  8:09  Templar Archives  
  140  8:13  Sentry  
  140  8:14  Sentry x2  
  140  8:15  Zealot  
  148  8:23  Pylon  
  148  8:27  Oracle  
  148  8:32  Pylon x3  
  149  8:36  Immortal  
  149  8:39  Observer  
  149  8:45  High Templar  
  156  8:52  High Templar x5  
  156  8:53  High Templar  
  156  8:54  Pylon  
  168  8:56  Archon  
  168  8:57  Pylon, Archon x2  
  168  9:07  Immortal  
  167  9:13  Phoenix  
  169  9:21  Immortal  
  169  9:22  High Templar  
  174  9:36  Archon  
  173  9:39  Probe  
  174  9:46  Zealot x6  
  174  9:47  Zealot x2  
  190  9:54  Pylon, Immortal  
  190  9:56  Pylon, Immortal  
  190  10:02  Protoss Ground Weapons Level 2 (Chrono Boost)  
  180  10:13  Phoenix  
  182  10:19  Zealot  
  182  10:20  Zealot x8  
  200  10:28  Immortal  
  200  10:32  Archon  
  143  10:44  Phoenix  
  143  10:49  Zealot x2  
  136  10:50  Zealot x7  
  132  11:09  Phoenix  
  106  11:30  Pylon  
  106  11:32  High Templar x3  
  110  11:33  High Templar x3  
  110  11:34  Phoenix (Chrono Boost)  
  110  11:39  Archon x3  
  120  11:42  Immortal x2  
  128  11:56  Phoenix (Chrono Boost), Zealot x2  
  128  11:57  Zealot  
  136  12:12  Protoss Ground Weapons Level 3 (Chrono Boost)  
  136  12:16  Immortal  
  136  12:17  Nexus  
  136  12:22  Immortal  
  146  12:41  Zealot x8  
  146  12:42  Zealot  
  162  12:44  Assimilator  
  162  12:46  Assimilator  
  162  12:50  Photon Cannon, Immortal  
  166  13:04  Immortal  
  160  13:10  High Templar x6  
  160  13:11  Zealot x3  
  178  13:16  Archon x2  
  178  13:17  Archon  
  178  13:27  Photon Cannon  
  178  13:35  Zealot x2  
  146  13:45  Probe  
  146  13:48  Observer  
  122  13:51  Zealot x4  
  122  13:52  Zealot  
  123  13:55  Observer  
  115  14:04  Probe  
  115  14:07  Observer  
  112  14:15  Zealot  
  89  14:42  Probe x2  
  88  15:14  Probe x2  
  90  15:22  Probe  
  91  15:35  Probe  
  90  15:38  Probe  
  90  15:39  Probe  
  92  16:04  Probe  
  92  16:06  Probe  
  92  16:07  Probe  
  95  16:16  Zealot  
Show
View Real Time Build Order
Export as new Build Order

Nerchio Zerg - Winner!

Build Orders: Hatch First, Lurkers 

Get SALT Encoding   

  12  0:00  Drone  
  13  0:12  Overlord  
  13  0:17  Drone  
  14  0:30  Drone x2  
  14  0:34  Drone  
  17  0:52  Hatchery  
  17  0:55  Drone  
  17  0:58  Drone  
  17  1:01  Extractor  
  17  1:13  Spawning Pool  
  17  1:17  Drone  
  17  1:19  Drone  
  18  1:28  Drone  
  19  1:38  Overlord  
  19  2:00  Queen, Zergling x2  
  22  2:03  Metabolic Boost, Queen  
  22  2:06  Drone  
  25  2:09  Drone  
  25  2:13  Drone  
  27  2:18  Drone  
  28  2:23  Drone  
  28  2:25  Drone  
  30  2:37  Hatchery  
  30  2:40  Drone  
  30  2:41  Drone  
  31  2:46  Overlord  
  31  2:55  Drone x2  
  33  2:59  Drone  
  33  3:02  Queen  
  36  3:06  Drone  
  36  3:08  Drone  
  36  3:11  Drone  
  39  3:13  Drone x4  
  39  3:17  Drone  
  39  3:19  Overlord  
  43  3:22  Overlord  
  43  3:30  Queen  
  43  3:31  Extractor  
  43  3:32  Overlord  
  44  3:39  Roach Warren  
  43  3:42  Drone  
  43  3:43  Drone x2  
  43  3:46  Drone x2  
  48  3:52  Queen  
  50  3:56  Overlord  
  50  4:01  Zergling x2  
  50  4:02  Zergling x6  
  54  4:04  Zergling x2  
  54  4:09  Queen  
  55  4:12  Spore Crawler  
  56  4:19  Spore Crawler, Drone  
  56  4:30  Drone x2  
  56  4:31  Drone x2  
  60  4:36  Overlord  
  59  4:39  Extractor  
  59  4:43  Roach x6  
  70  4:46  Drone x3  
  70  4:49  Overlord  
  70  4:52  Overlord  
  73  4:56  Drone x2  
  75  5:01  Lair  
  75  5:06  Drone x3  
  78  5:07  Drone  
  78  5:08  Drone  
  78  5:10  Drone  
  78  5:11  Drone  
  78  5:14  Drone  
  83  5:15  Drone  
  83  5:16  Drone  
  83  5:18  Extractor  
  83  5:20  Drone, Evolution Chamber  
  84  5:22  Drone  
  84  5:24  Drone  
  84  5:28  Spore Crawler  
  85  5:29  Drone x2  
  85  5:30  Drone  
  85  5:32  Drone  
  88  5:39  Overlord x2  
  88  5:40  Pneumatized Carapace  
  88  5:45  Overlord  
  88  5:46  Extractor x2  
  84  5:58  Hatchery, Roach x3  
  89  6:04  Glial Reconstitution  
  89  6:07  Hydralisk Den, Roach x2  
  89  6:09  Roach  
  89  6:10  Roach  
  96  6:16  Drone x3  
  96  6:17  Drone  
  100  6:19  Drone x2  
  102  6:27  Zergling x2  
  102  6:28  Zergling x12  
  107  6:37  Drone x2  
  107  6:38  Spore Crawler, Muscular Augments  
  108  6:40  Zerg Missile Weapons Level 1  
  108  6:48  Roach x2  
  108  6:52  Roach  
  114  6:54  Overlord  
  114  6:55  Overlord x2  
  114  6:59  Evolution Chamber, Overlord  
  111  7:04  Overlord  
  108  7:10  Drone x3  
  109  7:15  Drone  
  109  7:16  Drone  
  109  7:18  Drone x3, Overlord  
  109  7:21  Hatchery  
  113  7:26  Hydralisk x3, Zerg Ground Armor Level 1  
  113  7:27  Hydralisk  
  121  7:33  Spore Crawler, Hydralisk  
  121  7:35  Hydralisk  
  124  7:37  Hydralisk  
  124  7:46  Hydralisk x2  
  124  7:47  Overlord  
  124  7:48  Drone x2  
  124  7:50  Hydralisk  
  132  7:55  Drone x2  
  132  7:56  Drone  
  132  7:57  Drone  
  136  8:01  Lurker Den  
  136  8:11  Drone  
  136  8:12  Spire, Drone  
  137  8:14  Extractor  
  137  8:15  Hydralisk x2  
  137  8:16  Hydralisk  
  137  8:18  Extractor  
  141  8:25  Drone x2  
  141  8:31  Hydralisk x3  
  141  8:32  Hydralisk  
  149  8:37  Drone x2  
  149  8:39  Zerg Missile Weapons Level 2  
  149  8:41  Overlord  
  150  8:49  Hydralisk x4  
  150  8:52  Hydralisk  
  160  9:02  Overlord  
  158  9:05  Hydralisk x2  
  158  9:06  Hydralisk x2  
  166  9:14  Hydralisk x3  
  166  9:16  Spore Crawler  
  165  9:19  Spore Crawler  
  165  9:24  Drone x2  
  165  9:27  Spore Crawler  
  165  9:30  Lurker x12  
  173  9:39  Mutalisk x2  
  173  9:40  Mutalisk x4  
  182  9:49  Mutalisk x2  
  186  9:57  Drone x4  
  185  10:05  Mutalisk x2  
  185  10:06  Mutalisk  
  185  10:21  Zerg Ground Armor Level 2  
  185  10:23  Lurker  
  185  10:24  Overlord x3  
  178  10:30  Drone  
  178  10:31  Drone x2, Overlord  
  175  10:38  Hydralisk x6  
  152  10:44  Hydralisk  
  152  10:45  Hydralisk x3  
  134  10:50  Hydralisk x2  
  134  10:52  Zergling x4  
  129  10:58  Drone x4  
  127  11:05  Drone x4  
  127  11:09  Drone  
  127  11:10  Drone  
  133  11:13  Drone  
  133  11:14  Drone x2  
  133  11:16  Drone  
  133  11:23  Hydralisk  
  133  11:24  Hydralisk  
  129  11:27  Hydralisk  
  129  11:29  Hydralisk  
  133  11:35  Queen  
  133  11:36  Hydralisk  
  133  11:38  Lurker  
  138  11:40  Lurker  
  138  11:42  Hydralisk  
  138  11:46  Hydralisk  
  143  11:48  Extractor  
  143  11:52  Drone  
  143  11:53  Drone, Hydralisk  
  146  11:55  Hydralisk  
  146  11:58  Hydralisk  
  146  12:01  Hydralisk  
  150  12:03  Hydralisk  
  150  12:06  Mutalisk  
  156  12:10  Drone x2  
  156  12:11  Drone  
  156  12:12  Lurker  
  160  12:17  Lurker x3  
  163  12:24  Drone x2  
  165  12:30  Overseer  
  165  12:36  Drone x2  
  167  12:41  Hydralisk x2  
  171  12:58  Drone x3  
  171  13:00  Hatchery, Drone  
  171  13:01  Drone x2  
  171  13:04  Hydralisk x5  
  180  13:16  Hydralisk x4  
  186  13:20  Hydralisk  
  186  13:24  Hydralisk  
  190  13:29  Hydralisk x2  
  190  13:34  Hydralisk x2  
  177  13:48  Hydralisk x5  
  155  13:52  Lurker x2  
  155  13:53  Lurker  
  155  13:54  Lurker  
  163  13:55  Lurker  
  163  13:57  Lurker  
  158  14:03  Hydralisk x2  
  158  14:07  Hydralisk  
  158  14:08  Hydralisk  
  164  14:10  Lurker  
  164  14:14  Hydralisk  
  167  14:21  Hydralisk x2  
  167  14:22  Hydralisk  
  171  14:27  Hydralisk  
  171  14:30  Hydralisk  
  169  14:32  Hydralisk  
  165  14:39  Hydralisk  
  165  14:40  Hydralisk  
  165  14:42  Hydralisk  
  165  14:45  Hydralisk  
  173  14:47  Lurker  
  173  14:49  Lurker  
  175  15:17  Hydralisk x5  
  185  15:22  Hydralisk  
  179  15:32  Hatchery  
  179  15:33  Lurker x2  
  179  15:34  Lurker x3  
  183  15:35  Infestation Pit  
  179  15:44  Hydralisk x2  
  183  15:55  Overlord x2  
  183  16:00  Overlord x2  
  183  16:04  Overlord x2  
  177  16:07  Overseer x2  
Tags
 
Add a new tag
Caveats
  • Supply blocks, unpowered buildings, or Contaminate may cause inaccurate times.
  • Supply counts are checked every 10 seconds.